 Dungeon Crawl Stone Soup version 0.27-a0-594-g2aaa8dbbc2 (webtiles) character file.

Game seed: 128843503945258645

1668 Gaff the Stinger (level 8, -3/52 HPs)
             Began as a Demonspawn Venom Mage on Mar 11, 2021.
             Was a Priest of Ashenzari.
             Slain by Grinder (7 damage)
             ... while paralysed by Grinder
             ... on level 6 of the Dungeon.
             The game lasted 00:28:49 (7765 turns).

Gaff the Stinger (Demonspawn Venom Mage)            Turns: 7765, Time: 00:28:49

Health: -3/52      AC:  4    Str:  9    XL:     8   Next: 69%
Magic:  15/15      EV:  2    Int: 19    God:    Ashenzari [***...]
Gold:   355        SH:  0    Dex: 13    Spells: 14/17 levels left

rFire    + . .     SeeInvis +   v - +2 dagger "Share My Suspicion" {elec, Comp, Range} (curse)
rCold    . . .     Faith    .   u - +0 kite shield of the Chained Limitation {Fort, Elem} (curse)
rNeg     . . .     Spirit   .   E - +0 leather armour "Share My Fortune-Teller" {Comp, Melee} (curse)
rPois    .         Reflect  .   (no helmet)
rElec    .         Harm     .   s - scarf {+Inv}
rCorr    .         Rampage  .   (no gloves)
Will     .....     Clarity  +   (no boots)
Stlth    ++........             A - amulet of the Eye in the Sky {Acrobat, Bglg, Elem} (curse)
HPRegen  0.17/turn              j - ring of the Sublime Augur {rF+, Evo, Fort} (curse)
MPRegen  0.14/turn              (no ring)

@: paralysed
A: powered by pain 2, sharp scales 1, condensation shield
a: Renounce Religion, Evoke Invisibility, Shatter the Chains


You were on level 6 of the Dungeon.
You worshipped Ashenzari.
Ashenzari was most pleased with you.
You visited 2 branches of the dungeon, and saw 7 of its levels.
You also visited: Sewer.

You collected 355 gold pieces.

Inventory:

Hand Weapons
 b - a +0 club
 c - a +0 dagger
 d - a +0 hand axe
 m - a +0 short sword
 v - the cursed +2 dagger "Share My Suspicion" (weapon) {elec, Comp, Range}
   (You found it on level 3 of the Dungeon)

   Occasionally, upon striking a foe, it can discharge electrical energy and
   cause terrible harm.
   It has a curse placed upon it.
 H - the +4 spear of Disgust {chaos, *Slow +Fly rPois Dex+8}
   (You found it on level 5 of the Dungeon)

   Each time it hits an enemy it has a different, random effect.
   It affects your dexterity (+8).
   It protects you from poison.
   It lets you fly.
   It may slow you when you take damage.
Missiles
 i - 3 boomerangs
 x - 5 poisoned darts
Armour
 a - a +0 robe
 s - a scarf of invisibility (worn)
 u - the cursed +0 kite shield of the Chained Limitation (worn) {Fort, Elem}
   (You found it on level 3 of the Dungeon)

   It has a curse placed upon it.
 E - the cursed +0 leather armour "Share My Fortune-Teller" (worn) {Comp, Melee}
   (You took it off an orc on level 3 of the Dungeon)

   It has a curse placed upon it.
 F - a +0 cloak
 I - a +1 robe of cold resistance
Jewellery
 j - the cursed ring of the Sublime Augur (right hand) {rF+, Evo, Fort}
   (You found it on level 1 of the Dungeon)

   [ring of protection from fire]

   It protects you from fire.
   It has a curse placed upon it.
 A - the cursed amulet of the Eye in the Sky (around neck) {Acrobat, Bglg, Elem}
   (You found it on level 3 of the Dungeon)

   [amulet of the acrobat]

   It helps you evade while moving and waiting.
   It has a curse placed upon it.
 J - a +6 ring of strength
Wands
 t - a wand of random effects (9)
 z - a wand of polymorph (19)
Scrolls
 g - 4 scrolls of identify
 h - 9 scrolls of teleportation
 l - 2 scrolls of fog
 n - 4 scrolls of blinking
 w - a scroll of amnesia
 y - a scroll of enchant weapon
 C - a scroll of magic mapping
 D - a scroll of fear
 G - a scroll of enchant armour
Potions
 e - 4 potions of lignification
 f - 2 potions of attraction
 k - a potion of heal wounds
 o - 2 potions of flight
 p - 2 potions of might
 q - 2 potions of brilliance
 r - 2 potions of curing
 B - 4 potions of magic


   Skills:
 + Level 3.2(6.5) Armour
 + Level 4.6 Dodging
 - Level 2.0 Stealth
 + Level 3.4(6.8) Shields
 + Level 5.0 Spellcasting
 - Level 0.8 Transmutations
 - Level 1.0(3.1) Air Magic
 + Level 5.9 Poison Magic
 + Level 3.4(5.6) Evocations


You had 14 spell levels left.
You knew the following spells:

 Your Spells              Type           Power      Damage    Failure   Level
a - Sting                 Tmut/Pois      68%        1d6       12%         1
b - Poisonous Vapours     Pois/Air       42%        N/A       11%         2

Your spell library contained the following spells:

 Spells                   Type           Power      Damage    Failure   Level
 Mephitic Cloud           Conj/Pois/Air  16%        N/A       36%         3
 Olgreb's Toxic Radiance  Pois           27%        N/A       38%         4
 Ignite Poison            Fire/Tmut/Pois 14%        N/A       45%         3


Dungeon Overview and Level Annotations

Branches:
Dungeon (6/15)             Temple (1/1) D:4           Sewer (visited)

Altars:
Ashenzari
Cheibriados
Dithmenos
Elyvilon
Fedhas
Gozag
Hepliaklqana
Kikubaaqudgha
Makhleb
Nemelex Xobeh
Okawaru
Qazlal
Ru
Sif Muna
Trog
Uskayaw
Vehumet
Wu Jian
Yredelemnul
Zin
The Shining One

Shops:
D:5 *

Annotations:
D:6 Grinder


Innate Abilities, Weirdness & Mutations

You sometimes gain power by taking damage.
You are partially covered in razor-sharp scales. (AC +1, Slay +1)
A meltable shield of frost defends you. (SH +4)


Message History

Found a stone staircase leading down.
There is a stone staircase leading down here.
Grinder is nearby!
Grinder shouts!
Grinder gestures at you. Pain shoots through your body!
You closely miss Grinder.
Grinder blinks!
You hit Grinder but do no damage. Lightning courses through Grinder!
Grinder is moderately wounded.
Grinder hits you.
You writhe in agony.
You hit Grinder. Lightning courses through Grinder!
Grinder is almost dead.
Grinder gestures at you.
You struggle to resist.
Your shield and cursed leather armour "Share My Fortune-Teller" prevent you from hitting Grinder.
Grinder is almost dead.
Grinder gestures at you. Pain shoots through your body!
You hit Grinder but do no damage.
Grinder is almost dead.
Grinder hits you.
You hit Grinder.
Grinder is almost dead.
Grinder hits you.
You closely miss Grinder.
Grinder is almost dead.
Grinder hits you!
* * * LOW HITPOINT WARNING * * *
You writhe in agony.
* * * LOW HITPOINT WARNING * * *
Grinder hits you.
* * * LOW HITPOINT WARNING * * *
You writhe in agony.
* * * LOW HITPOINT WARNING * * *
You hit Grinder.
Grinder is almost dead.
Grinder gestures at you.
You suddenly lose the ability to move!
Grinder hits you!
You die...

##.......# #.#..†...#########....
######..# #.#....†.#.......#.###
#..###.#.(....#.#####.#.# #
#...##.#......#.#...#.#)# ###
#....#.######.#.....#.#.# ..#
##...#.# ###.###.###.#.#
..######...#.####...........#.###
...........................(.....
..######.#.....5@...#.........###
..# #.#.#.#####..#.#.#########
..# #....)# #..#.#.<#....... ..#
#....## #..#.#..#.######
..######....######..#.#..#.#.....
....................#.#..#.#.####
#########...######.##.####...#
#........(...........)######
#........####.##.##....<.)..


You could see Grinder.

Vanquished Creatures
  Sigmund (D:6)
  An orc warrior (D:6)
  A sky beast (D:5)
  Purgy (Sewer)
  2 centaurs
  A phantom (D:6)
  Blork the orc (D:6)
  A bullfrog (D:6)
  A water moccasin zombie (D:5)
  3 scorpions
  A howler monkey (D:6)
  A bullfrog zombie (D:4)
  A centaur skeleton (D:6)
  An orc priest (D:6)
  3 hounds
  2 bullfrog skeletons
  An iguana (D:6)
  5 worker ants
  A hound skeleton (D:4)
  8 adders
  2 river rats (D:4)
  A shadow imp (D:5)
  2 white imps
  An ufetubus (D:6)
  An adder skeleton (D:5)
  4 worms
  3 dart slugs
  2 leopard geckos
  5 orcs
  9 ball pythons
  6 bats
  6 giant cockroaches
  5 goblins
  3 hobgoblins
  6 jackals
  3 quokkas
  9 frilled lizards
  A jackal skeleton (D:4)
  6 kobolds
  3 leopard gecko skeletons
  14 rats
129 creatures vanquished.

Notes
Turn   | Place    | Note
-------+----------+-------------------------------------------
     0 | D:1      | Gaff the Demonspawn Venom Mage began the quest for the Orb.
     0 | D:1      | Reached XP level 1. HP: 13/13 MP: 3/3
   441 | D:1      | Gained mutation: A meltable shield of frost defends you.
                  | (SH +4) [demonic ancestry]
   441 | D:1      | Reached XP level 2. HP: 11/19 MP: 1/5
  1407 | D:2      | Gained mutation: You sometimes gain a little power by
                  | taking damage. [demonic ancestry]
  1407 | D:2      | Reached XP level 3. HP: 24/24 MP: 4/6
  1484 | D:2      | Found a faded altar of an unknown god.
  1501 | D:2      | Became a worshipper of Ashenzari the Shackled
  2181 | D:3      | Reached XP level 4. HP: 30/30 MP: 6/8
  2522 | D:3      | Reached * piety under Ashenzari
  2605 | D:3      | Learned a level 2 spell: Poisonous Vapours
  3170 | D:4      | Reached skill level 1 in Shields
  3170 | D:4      | Gained mutation: You are partially covered in razor-sharp
                  | scales. (AC +1, Slay +1) [demonic ancestry]
  3170 | D:4      | Reached XP level 5. HP: 35/35 MP: 2/9
  3176 | D:4      | Found a glowing drain.
  3180 | Sewer    | Entered a sewer
  3382 | Sewer    | Noticed Purgy
  3496 | Sewer    | Killed Purgy
  3497 | Sewer    | Reached skill level 1 in Air Magic
  3876 | D:4      | Reached XP level 6. HP: 41/41 MP: 6/11
  4043 | D:4      | Found a burning altar of Makhleb.
  4043 | D:4      | Noticed a balrug
  4046 | D:4      | Noticed an orange demon
  4046 | D:4      | Noticed a ynoxinul
  4183 | D:3      | Reached ** piety under Ashenzari
  4341 | D:4      | Reached skill level 1 in Evocations
  4625 | D:4      | Found a staircase to the Ecumenical Temple.
  4633 | Temple   | Entered the Ecumenical Temple
  5168 | D:5      | Entered Level 5 of the Dungeon
  5190 | D:5      | Identified the +4 spear of Disgust {chaos, *Slow +Fly rPois
                  | Dex+8}
  5307 | D:5      | Reached skill level 1 in Armour
  5307 | D:5      | Reached XP level 7. HP: 39/46 MP: 1/12
  5868 | D:5      | Reached skill level 5 in Poison Magic
  5987 | D:5      | Found Esuvy's General Store.
  6500 | D:6      | Gained mutation: You sometimes gain power by taking damage.
                  | [demonic ancestry]
  6500 | D:6      | Reached XP level 8. HP: 39/52 MP: 5/14
  6856 | D:6      | Noticed Grinder
  7080 | D:6      | Reached *** piety under Ashenzari
  7126 | D:6      | Noticed Sigmund
  7142 | D:6      | Killed Sigmund
  7180 | D:6      | Noticed Blork the orc
  7352 | D:6      | Killed Blork the orc
  7377 | D:6      | Reached skill level 5 in Spellcasting
  7764 | D:6      | Paralysed by Grinder for 2 turns
  7765 | D:6      | Slain by Grinder

Illustrated notes

Levels and vault maps discovered:
D:1:      dpeg_arrival_tiny_h, layout_loops_ring
D:2:      layout_rooms, chequers_ecumenical_altar_simple_redux
D:3:      layout_rooms, serial_aquarium, aquarium_bridge_long_joined
          [aquarium_subvault_bridge, aquarium_subvault_window,
          aquarium_subvault_window, aquarium_subvault_wall,
          aquarium_subvault_window, aquarium_subvault_window],
          aquarium_bridge_straight [aquarium_subvault_bridge,
          aquarium_subvault_balcony, aquarium_subvault_bridge,
          aquarium_subvault_balcony], aquarium_window_corner, aquarium_window_1,
          aquarium_view_2f, aquarium_view_2b, aquarium_balcony_5b,
          aquarium_pool_2
D:4:      layout_loops_ring, minmay_temple_entry_mist,
          lightli_sewer_entry_pipes, makhleb_altar_promises_db
D:5:      layout_basic, serial_shops, nicolae_shop_trees, hangedman_glass_teeth
D:6:      layout_basic, uniq_grinder, uniq_blork_the_orc, uniq_sigmund
Temple:   regret_index_temple_sigil_plot

Skill      XL: |  1  2  3  4  5  6  7  8 |
---------------+-------------------------+-----
Stealth        | 2 |  2.0
Dodging        | 2 3 4 |  4.6
Spellcasting   | 3 4 5 |  5.0
Poison Magic   | 4 5 |  5.9
Shields        | 1 2 3 |  3.4
Air Magic      | 1 |  1.0
Evocations     | 1 2 3 |  3.4
Armour         | 1 2 3 |  3.2
Transmutations | |  0.8

Action                   |  1- 3 |  4- 6 |  7- 9 || total
-------------------------+-------+-------+-------++-------
Melee: Club              |    11 |       |       ||    11
       Unarmed           |     1 |       |       ||     1
       Hand axe          |    29 |     3 |       ||    32
       Dagger            |       |    57 |   105 ||   162
 Cast: Sting             |    53 |    10 |       ||    63
       Poisonous Vapours |       |    52 |    62 ||   114
Invok: Curse Item        |     1 |     2 |     2 ||     5
 Abil: Evoke Invisibilit |       |       |     1 ||     1
Evoke: Wand              |       |       |     2 ||     2
  Use: Scroll            |       |     1 |       ||     1
       Potion            |       |     1 |       ||     1
 Stab: Sleeping          |     1 |     3 |       ||     4
       Petrified         |       |       |     3 ||     3
Armor: Robe              |    18 |    12 |       ||    30
       Leather armour    |       |     5 |    11 ||    16
Dodge: Dodged            |    39 |    51 |    43 ||   133
Block: Other             |    11 |    11 |     7 ||    29
       Kite shield       |       |       |    46 ||    46

Table legend: (Time is in decaauts)
 A = Elapsed time spent in this place.
 B = Non-inter-level travel time spent in this place.
 C = Inter-level travel time spent in this place.
 D = Time resting spent in this place.
 E = Time spent auto-exploring this place.
 F = Levels seen in this place.
 G = Mean time per level.
                   A        B        C        D        E       F      G
               +--------+--------+--------+--------+--------+-----+--------+
         Total |   7836 |   7684 |    152 |   2468 |   3427 |   8 |  979.5 |
       Dungeon |   6961 |   6841 |    120 |   2088 |   3162 |   6 | 1160.2 |
        Temple |    298 |    266 |     32 |      0 |    265 |   1 |  298.0 |
         Sewer |    576 |    576 |      0 |    380 |      0 |   1 |  576.0 |
               +--------+--------+--------+--------+--------+-----+--------+

Top non-repeatable levels by time:
     D:1: 1410 daAuts
     D:6: 1406 daAuts
     D:4: 1301 daAuts
     D:5: 1182 daAuts
     D:3: 936 daAuts
     D:2: 724 daAuts
   Sewer: 576 daAuts
  Temple: 298 daAuts
